 Dungeon Crawl Stone Soup version 0.19-a0-1511-g16f215b (webtiles) character file.

1967 jacquesderrida the Martial Artist (level 9, -6/45 HPs)
             Began as a Vine Stalker Wanderer on Sept 11, 2016.
             Was a Believer of Cheibriados.
             Mangled by an orc warrior
             ... wielding a +0 halberd
              (10 damage)
             ... on level 8 of the Dungeon.
             The game lasted 00:12:44 (2058 turns).

jacquesderrida the Martial Artist (VSWn)            Turns: 2058, Time: 00:12:45

Health: -6/45      AC: 12    Str: 20    XL:     9   Next: 19%
Magic:  0/10       EV: 12    Int: 15    God:    Cheibriados [**....]
Gold:   308        SH:  0    Dex: 21    Spells: 0 memorised, 8 levels left

rFire  . . .     SeeInvis .       - Unarmed
rCold  . . .     Gourm    .     a - +2 scale mail
rNeg   . . .     Faith    .     (no shield)
rPois  .         Spirit   +     b - +0 helmet
rElec  .         Dismiss  .     (no cloak)
rCorr  .         Reflect  .     r - +0 pair of gloves
MR     +....     Harm     .     (no boots)
Stlth  +.........               (no amulet)
                                (no ring)
                                (no ring)

@: very slightly contaminated, very slow
A: fangs 3, regeneration 1, magic shield, antimagic bite, no device heal 3, rot
immunity
a: Bend Time, Renounce Religion


You were on level 8 of the Dungeon.
You worshipped Cheibriados.
Cheibriados was pleased with you.
You were not hungry.

You visited 2 branches of the dungeon, and saw 9 of its levels.

You collected 308 gold pieces.

Inventory:

Armour
 a - a +2 scale mail (worn)
 b - a +0 helmet (worn)
 r - a +0 pair of gloves (worn)
 x - a +3 leather armour
Magical Staves
 l - an uncursed staff of energy
Jewellery
 j - an uncursed ring of ice
Wands
 k - a wand of disintegration (8/24)
Scrolls
 o - a scroll of noise {unknown}
 q - a scroll of enchant armour {unknown}
 s - a scroll of fear {unknown}
 u - a scroll of teleportation {unknown}
 w - a scroll of amnesia {unknown}
Potions
 c - a potion of cure mutation
 e - 2 potions of haste
 m - a potion of berserk rage {unknown}
 n - a potion of ambrosia {unknown}
 v - a potion of brilliance
Books
 f - a book of Unlife

   Spells                             Type                      Level
   a - Recall                         Summoning/Translocation      3
   b - Animate Dead                   Necromancy                   4
   c - Control Undead                 Necromancy                   4
   d - Cigotuvi's Embrace             Necromancy                   5
   e - Death Channel                  Necromancy                   6
   f - Simulacrum                     Ice/Necromancy               6
 i - a book of Geomancy

   Spells                             Type                      Level
   a - Sandblast                      Earth                        1
   b - Passwall                       Transmutation/Earth          2
   c - Stone Arrow                    Conjuration/Earth            3
   d - Petrify                        Transmutation/Earth          4
   e - Lee's Rapid Deconstruction     Earth                        5
Comestibles
 d - 4 bread rations
 g - 3 chunks of flesh
 h - a slice of pizza
 p - a meat ration
 t - 2 beef jerkies


   Skills:
 + Level 4.2 Fighting
 + Level 6.2 Armour
 + Level 3.5 Dodging
 - Level 1.2 Stealth
   Level 1.0 Shields
 + Level 8.8 Unarmed Combat


You had 8 spell levels left.
You didn't know any spells.

Dungeon Overview and Level Annotations

Branches:
Dungeon (8/15)             Temple (1/1) D:4
   Lair: D:8-11

Altars:
Cheibriados
Dithmenos
Elyvilon
Fedhas
Gozag
Hepliaklqana
Kikubaaqudgha
Nemelex Xobeh
Okawaru
Qazlal
Ru
Sif Muna
Trog
Uskayaw
Xom
Yredelemnul
Zin
The Shining One

Annotations:
D:6 Bronet's ghost, novice HuBe
D:8 Maurice


Innate Abilities, Weirdness & Mutations

You have razor-sharp teeth.
Your natural rate of healing is unusually fast.
When hurt, damage is shared between your health and your magic reserves.
Your bite disrupts and absorbs the magic of your enemies.
Potions and wands cannot restore your health.
You are immune to rotting.


Message History

Maurice looks sneaky.
You barely miss the orc warrior. You punch the orc warrior.
The orc warrior is moderately wounded.
The orc warrior hits you with a halberd!
* * * LOW HITPOINT WARNING * * *
You punch the orc warrior!
You bite the orc warrior, but do no damage.
The orc warrior is heavily wounded.
The orc warrior hits you with a halberd!
* * * LOW HITPOINT WARNING * * *
Okay, then.
Okay, then.
Okay, then.
You hit the orc warrior but do no damage.
The orc warrior is heavily wounded.
You barely miss the orc warrior.
You bite the orc warrior, but do no damage.
The orc warrior is heavily wounded.
The orc warrior hits you with a halberd!
You die...

#.#.# #.# #
#.#.# #.# #.#
#.#.# #.####.#
..#.# #......#
....# ###†.#.#
##### #..#.#
#..#.#
#..#.###########
#...@o@..(..(..#
#.)###########.#
#.)# #..# ..!#
###.# #.# ...
..#


You could see Maurice and an orc warrior.

Vanquished Creatures
  Psyche (D:8)
  The ghost of Leszczynek the Cutter, an amateur DEMo (D:5)
  Eustachio (D:4)
  A hungry ghost (D:7)
  An orc warrior (D:7)
  2 phantoms
  An ogre (D:4)
  A centaur (D:7)
  A giant frog (D:7)
  4 wights
  2 crimson imps
  4 hounds
  3 jellies (D:5)
  2 orc priests
  2 orc wizards
  3 worker ants
  2 hound skeletons (D:8)
  A howler monkey zombie (D:6)
  3 adders
  An adder skeleton (D:3)
  A worm (D:4)
  A dart slug (D:3)
  2 giant geckos
  15 orcs
  4 bats
  A giant cockroach (D:2)
  A goblin (D:2)
  2 hobgoblins
  5 quokkas
  2 ball pythons
  4 kobolds
  A quokka skeleton (D:6)
  3 rats
79 creatures vanquished.

Notes
Turn   | Place    | Note
-------+----------+-------------------------------------------
     0 | D:1      | jacquesderrida the Vine Stalker Wanderer began the quest for the Orb.
     0 | D:1      | jacquesderrida set off with: a +2 scale mail, a +0 spear, a potion of lignification, a bread ration
     0 | D:1      | Reached XP level 1. HP: 11/11 MP: 2/2
    79 | D:2      | Reached skill level 1 in Unarmed Combat
    79 | D:2      | Reached XP level 2. HP: 10/15 MP: 3/3
   134 | D:1      | Reached skill level 2 in Unarmed Combat
   185 | D:3      | Found a stormy altar of Qazlal.
   294 | D:3      | Reached XP level 3. HP: 18/18 MP: 4/4
   559 | D:4      | Reached skill level 3 in Unarmed Combat
   559 | D:4      | Gained mutation: Your natural rate of healing is unusually fast. [Vine Stalker growth]
   559 | D:4      | Reached XP level 4. HP: 23/23 MP: 3/5
   624 | D:4      | Noticed a phantom
   651 | D:4      | Killed a phantom
   651 | D:4      | Reached skill level 4 in Unarmed Combat
   651 | D:4      | Reached XP level 5. HP: 26/26 MP: 6/6
   716 | D:4      | Reached skill level 5 in Unarmed Combat
   731 | D:4      | Found a staircase to the Ecumenical Temple.
   761 | Temple   | Entered the Ecumenical Temple
   794 | Temple   | Became a worshipper of Cheibriados the Contemplative
   868 | D:4      | Noticed an ogre
   876 | D:4      | Killed an ogre
   876 | D:4      | Reached skill level 6 in Unarmed Combat
   876 | D:4      | Reached XP level 6. HP: 30/30 MP: 7/7
   915 | D:4      | Noticed Eustachio
   939 | D:4      | Killed Eustachio
   939 | D:4      | Reached XP level 7. HP: 3/34 MP: 2/8
   980 | D:5      | Entered Level 5 of the Dungeon
   993 | D:5      | Reached skill level 7 in Unarmed Combat
  1039 | D:5      | Noticed Leszczynek's ghost (amateur DEMo)
  1222 | D:5      | Killed Leszczynek's ghost
  1222 | D:5      | Reached skill level 5 in Armour
  1222 | D:5      | Reached skill level 1 in Dodging
  1313 | D:6      | Noticed Bronet's ghost (novice HuBe)
  1447 | D:6      | Reached * piety under Cheibriados
  1459 | D:6      | Gained mutation: You have razor-sharp teeth. [Vine Stalker growth]
  1459 | D:6      | Reached XP level 8. HP: 36/39 MP: 9/9
  1539 | D:7      | Reached skill level 8 in Unarmed Combat
  1989 | D:8      | Noticed Psyche
  2000 | D:8      | Killed Psyche
  2000 | D:8      | Reached ** piety under Cheibriados
  2000 | D:8      | Reached XP level 9. HP: 45/45 MP: 10/10
  2030 | D:8      | Noticed Maurice
  2058 | D:8      | Mangled by an orc warrior

Vault maps used:
D:1:      nicolae_arrival_memento_mori
D:2:      serial_forest, infiniplex_forest_clump_curved,
          infiniplex_forest_side_room, infiniplex_forest_zigzag_1,
          infiniplex_forest_clump_diagonal, infiniplex_forest_clump_cross,
          infiniplex_forest_clump_double, uniq_jessica
D:3:      lemuel_tele_altar
D:4:      first_bread, uniq_eustachio
D:5:      uniq_grinder
D:6:      st_stairs_3
D:8:      uniq_maurice, uniq_psyche
Temple:   nicolae_temple_the_god_donut

Skill      XL: |  1  2  3  4  5  6  7  8 |
---------------+-------------------------+-----
Unarmed Combat | 1 2 3 4 6 7 8 |  8.8
Fighting       | 2 4 |  4.2
Armour         | 5 6 |  6.2
Dodging        | 1 3 |  3.5
Stealth        | |  1.2
Shields        | |  1.0

Action                   |  1- 3 |  4- 6 |  7- 9 || total
-------------------------+-------+-------+-------++-------
Melee: Spear             |    97 |       |       ||    97
       Bite              |    18 |     9 |    78 ||   105
       Unarmed           |     1 |    60 |   196 ||   257
       Punch             |       |       |    10 ||    10
Invok: Bend Time         |       |       |     2 ||     2
  Use: Potion            |     1 |     3 |     1 ||     5
       Scroll            |       |       |     5 ||     5
  Eat: Chunk             |       |       |     6 ||     6
Armor: Scale mail        |    32 |    64 |    71 ||   167
       Skin              |    15 |    10 |       ||    25
Dodge: Dodged            |    41 |    35 |   104 ||   180
